Map: Abyssal Reef LE

Players

MuT - Winner!

  • Race: Zerg Zerg
  • Spawn Location: 11:00

BunchOfNerds

  • Race: Terran Terran
  • League: Diamond
  • Spawn Location: 5:00

VOD

Have the link to the VOD?

Description

Time

  • Played on: May 12, 2017, 1:43 p.m.
  • Length: 19:34
Show
View Real Time Build Order
Export as new Build Order

MuT Zerg - Winner!

Build Orders: Pool First 

Get SALT Encoding   

  12  0:01  Drone  
  13  0:12  Overlord  
  13  0:18  Drone  
  14  0:31  Drone x2  
  14  0:34  Drone  
  17  0:47  Spawning Pool  
  17  0:49  Drone  
  17  0:56  Drone  
  18  1:13  Hatchery  
  18  1:17  Extractor  
  18  1:18  Drone  
  17  1:21  Drone  
  18  1:34  Zergling x2  
  18  1:39  Drone  
  20  1:45  Roach Warren  
  19  1:50  Queen  
  19  1:52  Drone  
  22  2:00  Overlord  
  22  2:26  Roach x3  
  28  2:31  Queen  
  30  2:41  Drone x2  
  32  2:48  Drone x2  
  32  2:50  Queen  
  35  3:00  Drone  
  35  3:01  Overlord  
  36  3:14  Lair  
  36  3:38  Drone  
  36  3:39  Drone x5  
  36  3:40  Overlord  
  42  3:42  Drone x2  
  42  3:44  Extractor  
  42  3:55  Drone x2  
  42  4:01  Extractor, Drone  
  43  4:14  Spire, Drone  
  43  4:15  Drone x3  
  46  4:17  Drone x2  
  46  4:18  Drone x2  
  46  4:24  Zergling x2  
  51  4:26  Metabolic Boost  
  49  4:34  Drone x2  
  49  4:37  Overlord  
  51  4:44  Spore Crawler  
  51  4:45  Overlord  
  50  4:48  Spore Crawler  
  50  4:50  Spore Crawler, Overseer  
  50  4:51  Zergling x8  
  52  4:53  Overlord  
  50  5:04  Drone  
  50  5:05  Overlord x2  
  51  5:16  Zergling x8  
  50  5:49  Mutalisk x5  
  58  5:52  Hatchery  
  58  5:53  Mutalisk  
  61  5:58  Drone  
  62  6:18  Evolution Chamber x2, Drone x3  
  64  6:20  Drone  
  64  6:21  Drone x3  
  64  6:22  Extractor  
  66  6:35  Overlord x2  
  66  6:38  Overseer  
  62  6:55  Zergling x2  
  62  6:56  Zergling x16  
  61  7:09  Queen  
  61  7:10  Drone x4  
  67  7:16  Zerg Missile Weapons Level 1  
  67  7:17  Roach x2, Zerg Ground Armor Level 1  
  67  7:18  Roach x5  
  67  7:21  Glial Reconstitution  
  81  7:23  Drone  
  82  7:54  Roach x4  
  82  7:55  Roach x3  
  82  7:56  Hatchery, Overlord x2  
  95  8:01  Drone x4  
  95  8:05  Spine Crawler, Spore Crawler  
  97  8:16  Spine Crawler, Drone  
  97  8:20  Drone  
  97  8:23  Infestation Pit  
  97  8:25  Drone x2  
  97  8:26  Drone x5, Overlord  
  104  8:49  Overlord x3  
  104  8:51  Zergling x4  
  106  8:56  Drone x2  
  106  8:57  Drone  
  106  8:58  Drone  
  110  9:08  Queen  
  110  9:09  Drone x5  
  117  9:10  Overlord x3  
  117  9:12  Ravager  
  117  9:13  Ravager x13  
  131  9:22  Pathogen Glands  
  130  9:27  Drone  
  130  9:28  Extractor x2  
  130  9:29  Drone x3  
  130  9:31  Drone  
  130  9:32  Drone x3  
  130  9:34  Zergling x2  
  130  9:35  Zergling x6  
  130  9:36  Zergling x4  
  140  9:48  Spine Crawler, Spore Crawler  
  140  9:49  Roach  
  140  9:50  Roach x4  
  148  9:57  Infestor x2  
  152  10:06  Burrow  
  152  10:08  Extractor, Drone x2  
  152  10:09  Extractor, Drone x4  
  152  10:10  Drone x4  
  152  10:12  Overlord  
  156  10:17  Zergling x2  
  156  10:18  Zergling x6  
  156  10:20  Zergling x6  
  162  10:26  Drone  
  163  10:28  Zerg Missile Weapons Level 2  
  163  10:29  Spine Crawler  
  163  10:30  Zerg Ground Armor Level 2  
  162  10:51  Zergling x2  
  162  10:52  Zergling x2  
  159  10:57  Hatchery  
  159  11:00  Zergling x6  
  159  11:01  Zergling x2  
  160  11:06  Infestor  
  160  11:07  Infestor x3, Roach  
  160  11:10  Zergling x4  
  160  11:11  Zergling x18  
  181  11:17  Hive  
  181  11:20  Infestor  
  181  11:22  Corruptor x3  
  189  11:31  Drone  
  188  11:33  Drone x3  
  188  11:35  Overlord x2  
  188  11:36  Overlord x2  
  189  11:56  Extractor  
  189  11:57  Extractor  
  189  12:00  Corruptor x2  
  189  12:01  Corruptor x4  
  199  12:09  Spine Crawler x2, Drone  
  199  12:10  Spine Crawler, Drone x2  
  199  12:15  Spore Crawler  
  198  12:17  Spore Crawler  
  198  12:18  Zergling x4  
  198  12:19  Spore Crawler x3, Zergling x2  
  193  12:29  Roach x9  
  192  12:45  Overseer  
  187  12:57  Roach x4  
  187  12:58  Roach x2  
  199  13:12  Greater Spire  
  136  13:59  Corruptor  
  136  14:00  Corruptor x21  
  153  14:28  Zerg Flyer Armor Level 1  
  147  14:38  Brood Lord x3  
  147  14:39  Brood Lord x2  
  147  14:42  Brood Lord  
  147  14:43  Drone x2  
  147  14:44  Drone x2  
  161  14:58  Hatchery  
  160  15:10  Zergling x2  
  160  15:11  Zergling x2  
  162  15:17  Zergling x2  
  162  15:18  Zergling x8  
  175  15:29  Brood Lord x6  
  175  15:30  Brood Lord  
  175  15:32  Zergling x2  
  175  15:33  Zergling x16  
  190  15:36  Overlord x3  
  185  15:54  Hatchery  
  185  15:55  Extractor  
  185  15:56  Extractor, Viper x3  
  185  16:02  Zergling x12  
  197  16:16  Viper  
  178  16:34  Corruptor  
  178  16:35  Corruptor x7  
  186  16:42  Corruptor  
  186  16:43  Corruptor  
  184  16:52  Corruptor  
  180  16:56  Zergling x2  
  180  16:57  Zergling x18  
  188  17:02  Corruptor x2  
  184  17:08  Corruptor x2  
  180  17:20  Corruptor x2  
  170  17:30  Corruptor x2  
  166  17:42  Corruptor  
  166  17:43  Corruptor  
  164  17:55  Corruptor x3  
  154  18:22  Corruptor x5  
  154  18:49  Corruptor x3  
  154  18:52  Brood Lord  
  160  19:08  Zergling x22  
Show
View Real Time Build Order
Export as new Build Order

BunchOfNerds Terran 

Build Orders: Liberator Opening 

Get SALT Encoding   

  12  0:01  SCV  
  13  0:14  SCV  
  14  0:19  Supply Depot  
  14  0:26  SCV  
  15  0:28  Refinery  
  15  0:40  SCV  
  16  0:46  Barracks  
  16  0:53  SCV  
  17  1:05  SCV  
  18  1:17  SCV  
  19  1:29  SCV  
  20  1:41  Orbital Command  
  20  1:46  Command Center  
  20  1:52  Barracks Reactor  
  20  1:59  Factory  
  20  2:07  Refinery  
  20  2:08  SCV  
  21  2:16  Supply Depot  
  21  2:21  SCV  
  22  2:31  Marine  
  23  2:38  Marine  
  23  2:45  Starport  
  23  3:05  SCV  
  23  3:06  Widow Mine x2, Barracks Tech Lab  
  23  3:12  Bunker  
  28  3:18  SCV  
  29  3:21  Medivac  
  30  3:31  Bunker  
  28  3:34  Liberator  
  28  3:35  Widow Mine  
  30  3:43  Widow Mine  
  34  3:56  SCV  
  34  3:58  Marauder  
  37  4:14  Widow Mine x2, SCV  
  37  4:16  Command Center  
  42  4:26  SCV  
  42  4:28  Orbital Command  
  43  4:46  SCV  
  43  4:50  Widow Mine  
  46  4:53  Starport Reactor  
  46  4:56  Orbital Command  
  46  5:04  Barracks Tech Lab  
  46  5:13  Factory  
  46  5:18  Refinery  
  46  5:19  Refinery  
  46  5:22  Widow Mine, SCV  
  46  5:26  SCV  
  40  5:34  SCV  
  41  5:36  Factory  
  41  5:37  Liberator, Factory  
  41  5:38  SCV  
  41  5:42  SCV  
  43  5:47  SCV  
  44  5:53  Hellion x2  
  51  5:59  SCV  
  52  6:04  SCV  
  52  6:05  Bunker  
  52  6:08  Supply Depot  
  53  6:11  SCV  
  53  6:14  Supply Depot  
  53  6:16  SCV  
  56  6:19  Orbital Command  
  56  6:23  SCV  
  56  6:24  Factory Tech Lab  
  56  6:29  Factory Tech Lab, Barracks Tech Lab  
  56  6:32  Starport  
  56  6:33  SCV  
  57  6:46  Engineering Bay  
  57  6:49  Engineering Bay  
  53  6:57  SCV  
  53  6:58  Widow Mine x3  
  50  7:10  Widow Mine x2  
  54  7:17  Missile Turret  
  54  7:27  Missile Turret  
  55  7:30  SCV  
  55  7:33  SCV  
  56  7:39  SCV  
  56  7:42  SCV  
  58  7:45  SCV  
  58  7:50  Missile Turret  
  58  7:51  SCV  
  60  7:54  SCV, Missile Turret  
  60  7:57  SCV  
  62  7:59  Raven  
  62  8:01  Hellion x2  
  62  8:05  Supply Depot  
  68  8:11  Armory  
  68  8:16  SCV  
  68  8:17  Starport  
  69  8:25  Siege Tank  
  69  8:26  Barracks Reactor  
  75  8:27  Siege Tank  
  75  8:31  SCV  
  76  8:40  Orbital Command, Hellion  
  78  8:45  Refinery  
  78  8:47  Refinery  
  78  8:49  SCV x2  
  78  8:50  Missile Turret  
  80  9:00  Hi-Sec Auto Tracking  
  80  9:01  SCV x2  
  82  9:07  SCV  
  83  9:13  SCV x2  
  83  9:16  Missile Turret  
  85  9:23  Terran Vehicle Weapons Level 1  
  85  9:38  Supply Depot  
  85  9:46  Supply Depot  
  85  9:48  Supply Depot  
  85  9:51  Supply Depot  
  85  9:55  Armory  
  85  9:56  Armory  
  85  9:57  Corvid Reactor  
  85  10:00  Siege Tank, SCV x2, Hellion  
  85  10:06  Supply Depot  
  92  10:07  SCV  
  92  10:08  Viking x2  
  97  10:17  SCV x2  
  97  10:19  Siege Tank, SCV  
  103  10:29  Supply Depot  
  103  10:30  Supply Depot  
  103  10:34  Missile Turret  
  103  10:38  SCV x3  
  103  10:41  Hellion  
  108  10:44  Raven  
  108  10:49  Terran Ship Weapons Level 1  
  110  10:52  Supply Depot  
  109  11:04  Raven  
  108  11:05  Viking x2  
  108  11:07  Thor  
  120  11:16  Siege Tank, Infernal Pre-Igniter  
  122  11:18  Drilling Claws  
  122  11:22  SCV x2  
  122  11:23  SCV  
  125  11:32  Raven  
  126  11:34  Recalibrated Explosives  
  126  11:37  Viking  
  128  11:44  Hellion x2  
  132  11:48  Supply Depot  
  132  11:49  Supply Depot, Building Armor  
  132  12:00  Sensor Tower, Missile Turret  
  132  12:02  Raven  
  132  12:04  Viking  
  130  12:23  Raven  
  130  12:25  Siege Tank  
  133  12:36  Siege Tank x2, Command Center  
  135  12:54  Raven  
  135  12:57  Widow Mine  
  139  13:03  Viking  
  139  13:04  Viking  
  141  13:06  Raven  
  143  13:16  Refinery  
  143  13:17  Missile Turret  
  143  13:18  Refinery, Missile Turret  
  143  13:19  Missile Turret  
  143  13:20  Thor  
  143  13:22  Widow Mine  
  151  13:29  Supply Depot  
  124  13:47  Liberator x2  
  85  14:03  Siege Tank x2  
  85  14:04  Siege Tank  
  94  14:29  Viking x2  
  98  14:31  Refinery  
  98  14:35  Refinery, Siege Tank, Missile Turret  
  98  14:37  Siege Tank  
  104  14:49  Planetary Fortress  
  104  14:58  Banshee  
  107  15:09  Siege Tank  
  107  15:10  Siege Tank  
  113  15:21  Fusion Core  
  113  15:37  Medivac x2  
  113  15:39  Hellbat x3  
  123  15:46  Supply Depot  
  123  15:48  Supply Depot  
  123  15:52  Raven x2  
  127  16:10  Terran Vehicle Weapons Level 2  
  127  16:13  Hellion x2, SCV x3  
  127  16:14  SCV  
  79  17:04  Command Center  
  75  17:12  Viking x2  
  75  17:13  Hellion x3  
  75  17:14  Hellion  
  84  17:25  Viking x2  
  88  17:42  Viking  
  90  17:55  Siege Tank  
  90  17:56  Siege Tank  
  90  17:57  Refinery  
  84  18:33  Viking x3  
  86  18:34  Widow Mine x2  
  84  18:46  Hellion  
Tags
 
Add a new tag
Caveats
  • Supply blocks, unpowered buildings, or Contaminate may cause inaccurate times.
  • Supply counts are checked every 10 seconds.